Cogmind - Beta 9.2 --- EXPLORER MODE // 2019.12.14 @ 07:51:43 Player: viper Result: Destroyed by G-47 Trooper with Particle Gun Performance ------------- Evolutions (2) 1000 Regions Visited (3) 600 Robots Destroyed (47) 235 Value Destroyed (1128) 1128 Prototype IDs (6) 120 Alien Tech Used (0) 0 Bonus (0) 0 TOTAL SCORE: 3083 Bonus ------- None Cogmind --------- Core Integrity 0/550 Matter 289/300 Energy 100/100 System Corruption 3% Temperature Cool (9) Movement Core (600) Ox11 Location -8/Materials Parts ------- > --- POWER (2) -------- (None) > --- PROPULSION (2) --- (None) > --- UTILITY (6) ------ High-capacity Storage Unit Terrain Scanner Improved Terrain Scan Processor Power Shielding Utility Shielding Utility Shielding > --- WEAPON (2) ------- (None) > --- INVENTORY (12) --- Light Nuclear Core Aluminum Leg Improved Sensor Array Hacking Suite Light Cannon Peak State ------------ > --- POWER ------------ Ion Engine Improved Ion Engine > --- PROPULSION ------- Aluminum Leg Aluminum Leg > --- UTILITY ---------- High-capacity Storage Unit Medium Matter Pod Improved Terrain Scanner Improved Terrain Scan Processor Power Shielding Utility Shielding > --- WEAPON ----------- Particle Gun Light Cannon > --- INVENTORY -------- Light Nuclear Core Aluminum Leg Improved Sensor Array Terrain Scanner Utility Shielding Hacking Suite Particle Gun Assault Rifle Mining Laser [Rating: 18] Favorites ----------- Power Ion Engine Engine Ion Engine Propulsion Aluminum Leg Leg Aluminum Leg Hover Unit Hover Unit Utility High-capacity Storage Unit Device Terrain Scanner Storage High-capacity Storage Unit Processor Targeting Computer Protection Utility Shielding Weapon Assault Rifle Energy Gun Small Laser Energy Cannon Heavy Particle Cannon Ballistic Gun Assault Rifle Ballistic Cannon Light Cannon Special Weapon Mining Laser Build | -11 -10 -9 -8 ------- Run | Scr Mat Mat Mat Slots Evolved 5 | . 1 2 2 Power 1 | . . 1 . Propulsion . | . . . . Utility 4 | . 1 1 2 Weapon . | . . . . Parts Attached 46 | 7 14 9 16 Power 7 | 1 1 5 . Engine 7 | 1 1 5 . Core . | . . . . Reactor . | . . . . Propulsion 11 | 2 5 2 2 Treads . | . . . . Leg 9 | 2 3 2 2 Wheel . | . . . . Hover 2 | . 2 . . Flight . | . . . . Utility 12 | 2 3 2 5 Device 4 | 1 1 1 1 Storage 3 | 1 1 1 . Processor 2 | . 1 . 1 Hackware . | . . . . Protection 3 | . . . 3 Artifact . | . . . . Weapon 16 | 2 5 . 9 Energy Gun 5 | 1 2 . 2 Energy Cannon 3 | . . . 3 Ballistic Gun 3 | 1 1 . 1 Ballistic Cannon 2 | . 1 . 1 Launcher . | . . . . Special Weapon 3 | . 1 . 2 Impact Weapon . | . . . . Slashing Weapon . | . . . . Piercing Weapon . | . . . . Special Melee Weapon . | . . . . Unidentified Prototypes 1 | . . 1 . Parts Lost 16 | . 3 . 13 Power 2 | . . . 2 Propulsion 3 | . 1 . 2 Utility 2 | . . . 2 Weapon 9 | . 2 . 7 Highest Loss Streak 13 | . 2 . 13 Average Slot Usage (%) 96 | . 98 100 91 Engine 14 | . 12 20 13 Leg 14 | . 12 20 12 Hover 5 | . 11 . . Device 10 | . 12 10 7 Storage 14 | . 12 20 15 Processor 10 | . 12 10 8 Protection 4 | . . . 16 Energy Gun 7 | . 13 . 3 Ballistic Gun 6 | . 7 10 3 Ballistic Cannon 4 | . . 10 6 Naked Turns . | . . . . Heaviest Build 55 | 17 43 52 55 Greatest Support 20 | 20 20 20 20 Greatest Overweight (x) 17 | . 6 17 17 Average Overweight (x) 2 | . 2 2 3 Largest Inventory Capacity 12 | 8 12 12 12 Average Capacity 11 | 7 11 12 12 Most Carried 12 | 2 9 12 11 Average Carried 7 | . 6 9 8 Final Capacity 12 | 8 12 12 12 Final Carried 12 | 2 7 12 5 Class Distribution -------------------- 100% | Mutant Dominant Class ---------------- Mutant | -10/Materials Mutant | -9/Materials Mutant | -8/Materials Resources | -11 -10 -9 -8 ----------- Run | Scr Mat Mat Mat Matter Collected 1089 | 218 389 229 253 Remotely . | . . . . Salvage Created 1462 | . 765 329 368 Parts 106 | . 58 32 16 Haulers Intercepted 2 | . 1 1 . Recyclers Shooed 2 | . 1 1 . Parts Field Recycled . | . . . . Retrieved Matter . | . . . . Parts Self-Destructed . | . . . . Prevented . | . . . . Kills | -11 -10 -9 -8 ------- Run | Scr Mat Mat Mat Combat Hostiles Destroyed 36 | . 15 11 10 Guns 22 | . 14 4 4 Cannons 14 | . 1 7 6 Classes Destroyed 9 | . 7 . 2 Worker 1 | . . . 1 Builder 1 | . 1 . . Tunneler 1 | . 1 . . Hauler 2 | . 1 1 . Recycler 2 | . 1 1 . Watcher 4 | . 3 1 . Swarmer 13 | . 4 7 2 Grunt 21 | . 11 4 6 Sentry 2 | . . . 2 Best Kill Streak 6 | . 6 4 5 Combat Bots Only 4 | . 4 4 4 Max Kills in Single Turn 2 | . 2 1 2 Gunslinging 1 | . 1 . . Exploded . | . . . . Melee . | . . . . Uniques/NPCs Destroyed . | . . . . Combat | -11 -10 -9 -8 -------- Run | Scr Mat Mat Mat Damage Taken 2160 | . 330 176 1654 Core 627 | . 57 18 552 Absorbed by Shields . | . . . . Core Remaining (%) 90 | 100 77 95 . Volleys Fired 120 | . 52 33 35 Largest 2 | . 2 2 2 Hottest 150 | . 100 55 150 Shots Fired 217 | . 88 66 63 Gun 147 | . 86 33 28 Cannon 68 | . 1 33 34 Launcher . | . . . . Special 2 | . 1 . 1 Kinetic 135 | . 32 66 37 Thermal 82 | . 56 . 26 Explosive . | . . . . Electromagnetic . | . . . . Robot Hit Streak 20 | . 12 14 20 Robot Miss Streak 2 | . 1 2 1 Penetration Max . | . . . . Secondary Targets 1 | . 1 . . Max Gunslinging Chain 1 | . 1 . . Shots Hit Robots 180 | . 71 56 53 Core Hits 79 | . 36 20 23 Critical Hits 3 | . . 2 1 Critical Kills . | . . . . Critical Parts Destroyed 3 | . . 2 1 Melee Attacks . | . . . . Impact . | . . . . Slashing . | . . . . Piercing . | . . . . Sneak Attacks . | . . . . Combat Hostiles . | . . . . Follow-up Attacks . | . . . . Damage Inflicted 2562 | . 845 785 932 Guns 1556 | . 830 349 377 Cannons 1004 | . 15 436 553 Explosions . | . . . . Melee . | . . . . Ramming 2 | . . . 2 Kinetic 1586 | . 303 785 498 Thermal 974 | . 542 . 432 Explosive . | . . . . Electromagnetic . | . . . . Impact . | . . . . Slashing . | . . . . Piercing . | . . . . Highest Corruption 3 | . 2 . 3 Average Corruption 1 | . 1 . 1 Corruption Purged . | . . . . Effects 5 | . 4 . 1 Message Errors 4 | . 3 . 1 Data Loss (minor) 1 | . 1 . . Overload Shots . | . . . . Overflow Damage 11 | . . 6 5 Projectiles 11 | . . 6 5 Explosions . | . . . . Melee . | . . . . Knockbacks 10 | . . 3 7 Impact . | . . . . Kinetic 8 | . . 3 5 Secondary 2 | . . . 2 Self-Inflicted Damage . | . . . . Shots . | . . . . Rammed 5 | . . . 5 Targets Rammed 5 | . . . 5 Kicked . | . . . . Crushed . | . . . . Highest Temperature 415 | . 160 21 415 Average Temperature 76 | . 42 8 148 Received Heat Transfer 1224 | . 243 18 963 Effects 5 | . . . 5 Shutdowns 2 | . . . 2 Short Circuit 2 | . . . 2 Damage (minor) 1 | . . . 1 Siege Activations . | . . . . Robots Corrupted . | . . . . Combat Hostiles . | . . . . Parts Fried . | . . . . Impact Corruptions . | . . . . Robots Melted . | . . . . Combat Hostiles . | . . . . Parts Melted 5 | . 3 . 2 Heat Transferred 2051 | . 1200 . 851 Parts Sabotaged . | . . . . Parts Stolen . | . . . . Parts Stripped . | . . . . Power Chain Reactions . | . . . . Missiles Intercepted . | . . . . Alert | -11 -10 -9 -8 ------- Run | Scr Mat Mat Mat Peak Influence 187 | . 170 187 168 Average Influence 69 | . 61 84 76 Maximum Alert Level . | . . . . Low Security (%) 100 | 100 100 100 100 Level 1 . | . . . . Level 2 . | . . . . Level 3 . | . . . . Level 4 . | . . . . Level 5 . | . . . . High Security . | . . . . Max Security . | . . . . Squads Dispatched 12 | . 5 4 3 Investigation 10 | . 5 2 3 Extermination . | . . . . Reinforcement 2 | . . 2 . Assault . | . . . . Garrison . | . . . . Intercept . | . . . . Construction Impeded . | . . . . Haulers Reinforced . | . . . . Stealth | -11 -10 -9 -8 --------- Run | Scr Mat Mat Mat Distress Signals 4 | . 1 2 1 Communications Jammed . | . . . . Distress Signals . | . . . . Times Spotted 52 | . 18 15 19 Peak Tracking Total 10 | . 2 4 10 Tactical Retreats 2 | . . 1 1 Traps | -11 -10 -9 -8 ------- Run | Scr Mat Mat Mat Traps Triggered 3 | . 3 . . Indirectly . | . . . . Trap Hack Attempts . | . . . . Triggered . | . . . . Disarmed 4 | . 4 . . Reprogrammed . | . . . . Reused . | . . . . Traps Extracted . | . . . . Installed . | . . . . Triggered . | . . . . Machines | -11 -10 -9 -8 ---------- Run | Scr Mat Mat Mat Machines Disabled 1 | . . 1 . Max in Single Turn 1 | . . 1 . Machines Sabotaged . | . . . . Garrisons Compromised . | . . . . Overloaded Fab Kills . | . . . . Fab Network Shutdowns . | . . . . Hacking | -11 -10 -9 -8 --------- Run | Scr Mat Mat Mat Machines Accessed 15 | . 8 3 4 Terminals 12 | . 8 1 3 Fabricators . | . . . . Repair Stations 1 | . . . 1 Recycling Units . | . . . . Scanalyzers 2 | . . 2 . Garrison Access . | . . . . Total Hacks 70 | . 32 18 20 Successful 60 | . 24 18 18 Failed 10 | . 8 . 2 Catastrophic 1 | . 1 . . Database Lockouts . | . . . . Manual . | . . . . Terminals 52 | . 32 4 16 Fabricators . | . . . . Repair Stations 4 | . . . 4 Recycling Units . | . . . . Scanalyzers 14 | . . 14 . Garrison Access . | . . . . Terminal Hacks 42 | . 24 4 14 Record 3 | . 1 1 1 Robot Analysis 3 | . . 2 1 Prototype ID Bank 3 | . 1 . 2 Branch Access Points 1 | . 1 . . Emergency Access Points 1 | . 1 . . Machine Index 1 | . 1 . . Terminal Index 1 | . . . 1 Alert Level 3 | . 1 . 2 Locate Traps 4 | . 2 1 1 Disarm Traps 2 | . 2 . . Dispatch Records 2 | . 1 . 1 Security Status 1 | . . . 1 Transport Status 2 | . 1 . 1 Reinforcement Status 4 | . 4 . . Assault Status 1 | . . . 1 Recall Reinforcements 1 | . 1 . . Hauler Manifests 4 | . 3 . 1 Registered Components 2 | . 1 . 1 Registered Prototypes 1 | . 1 . . Zone Layout 2 | . 2 . . Fabricator Hacks . | . . . . Repair Station Hacks 4 | . . . 4 Scan Component 2 | . . . 2 Repair 2 | . . . 2 Recycling Unit Hacks . | . . . . Scanalyzer 14 | . . 14 . Insert Component 7 | . . 7 . Analyze 7 | . . 7 . Garrison Access Hacks . | . . . . Unauthorized Hacks . | . . . . Terminals . | . . . . Fabricators . | . . . . Repair Stations . | . . . . Recycling Units . | . . . . Scanalyzers . | . . . . Garrison Access . | . . . . Data Cores Recovered . | . . . . Used . | . . . . Hacking Detections 14 | . 8 3 3 Full Trace Events 13 | . 7 3 3 Feedback Events . | . . . . Feedback Blocked . | . . . . Robot Schematics Acquired . | . . . . Robots Built . | . . . . Matter . | . . . . Time . | . . . . Total Robot Build Rating . | . . . . Part Schematics Acquired 6 | . . 6 . Parts Built . | . . . . Matter . | . . . . Time . | . . . . Total Part Build Rating . | . . . . Parts Repaired 2 | . . . 2 Time 52 | . . . 52 Parts Recycled . | . . . . Recycled Matter . | . . . . Retrieved Matter . | . . . . Retrieved Components . | . . . . Parts Scanalyzed 6 | . . 6 . Part Schematics Acquired 6 | . . 6 . Parts Damaged 1 | . . 1 . Bothacking | -11 -10 -9 -8 ------------ Run | Scr Mat Mat Mat Used RIF Installer . | . . . . Robots Hacked . | . . . . Non-combat . | . . . . Combat . | . . . . Robot Hacks Applied . | . . . . Relay Couplers Released . | . . . . Robots Rewired . | . . . . Allies Hacked . | . . . . Hacks Repelled . | . . . . Allies | -11 -10 -9 -8 -------- Run | Scr Mat Mat Mat Total Allies . | . . . . Largest Group . | . . . . Highest-Rated Group . | . . . . Highest-Rated Ally . | . . . . Total Orders . | . . . . Ally Attacks . | . . . . Total Damage . | . . . . Kills . | . . . . Allies Corrupted . | . . . . Allies Melted . | . . . . Intel | -11 -10 -9 -8 ------- Run | Scr Mat Mat Mat Robot Analysis Total 3 | . . 2 1 Derelict Logs Recovered . | . . . . Drone Launches . | . . . . Drone Recoveries . | . . . . Exploration | -11 -10 -9 -8 ------------- Run | Scr Mat Mat Mat Turns Passed 2682 | 67 1306 589 720 Spaces Moved 932 | 55 541 227 109 Core 27 | 15 . 3 9 Treads . | . . . . Legs 685 | 40 321 224 100 Wheels . | . . . . Hover 220 | . 220 . . Flight . | . . . . Fastest Speed 50 | 50 120 180 180 Average Speed 200 | 100 208 190 226 Slowest Speed 900 | 120 420 900 900 Overloaded Moves . | . . . . Propulsion Burnouts . | . . . . Robots Hopped . | . . . . Cave-ins Triggered . | . . . . Exploration Rate (%) 35 | 4 95 25 16 Regions Visited 3 Branch Regions . Pre-discovered Areas . | . . . . Known Exits Taken 3 | 1 1 1 . Unknown Exits Taken . | . . . . Scrap Searched . | . . . . Spaces Dug 2 | . 1 . 1 Terrain Destroyed 3 | . 1 . 2 Melee . | . . . . Projectile 3 | . 1 . 2 AOE . | . . . . Actions | -11 -10 -9 -8 --------- Run | Scr Mat Mat Mat Total 1499 | 63 625 319 492 Wait 369 | . 8 39 322 Move 929 | 54 540 226 109 Hop . | . . . . Pick Up 18 | 2 7 7 2 Fast Attach 12 | 7 . . 5 Attach 16 | . 6 3 7 Detach 2 | . 2 . . Swap 18 | . 8 6 4 Drop 10 | . 2 5 3 Fire 120 | . 52 33 35 Melee . | . . . . Ram 5 | . . . 5 Kick . | . . . . Crush . | . . . . Escape Stasis . | . . . . Rewire . | . . . . Trap . | . . . . Miscellaneous . | . . . . Route ------- -11/Scrapyard -10/Materials (discovered 5 exits: *Mat x3 / *Min x2) -9/Materials (discovered 2 exits: *Mat / *Min) -8/Materials History --------- Turn | Location | Event 5 | -11/Scrapyard | Identified exit to Materials 5 | -11/Scrapyard | Discovered exit to Materials (range 15) 68 | -11/Scrapyard | Entered Materials 68 | -10/Materials | Evolved 1 slot: Utility x1 211 | -10/Materials | Identified exit to Mines 314 | -10/Materials | Build established: Mutant 428 | -10/Materials | Identified exit to Materials 428 | -10/Materials | Discovered exit to Materials (range 16) 769 | -10/Materials | Discovered exit to Materials (range 15) 1221 | -10/Materials | Discovered exit to Materials (range 10) 1374 | -10/Materials | Entered another Materials area 1374 | -9/Materials | Evolved 2 slots: Power x1, Utility x1 1591 | -9/Materials | Identified exit to Mines 1591 | -9/Materials | Discovered exit to Mines (range 15) 1864 | -9/Materials | Identified exit to Materials 1864 | -9/Materials | Discovered exit to Materials (range 8) 1963 | -9/Materials | Entered another Materials area 1963 | -8/Materials | Evolved 2 slots: Utility x2 2444 | -8/Materials | Repaired Aluminum Leg 2471 | -8/Materials | Repaired Lgt. Cannon 2619 | -8/Materials | Core integrity fell below 50% 2644 | -8/Materials | Core integrity fell below 20% 2668 | -8/Materials | Lost 13 parts (2p2n2u7w) 2683 | -8/Materials | Destroyed by G-47 Trooper with Particle Gun Last Messages --------------- Downloading prototype IDs... Imp. Cesium-ion Thruster Prc. Assault Rifle >>Alert(Check) Current Alert Level: Low Security 02632_ Penetrated by Slug. 02635_ Slug penetrates Terminal. 02635_ Terminal disabled. 02637_ Mining Laser destroyed. 02639_ Slammed into H-55 Commando. 02639_ Destabilizing: System interference. 02639_ Terrain Scanner temporarily disabled. 02645_ Slammed into H-55 Commando. 02650_ Slug penetrates Wall. 02655_ Penetrated by Slug. 02674_ ANZD5Y#C YXOUIIESMY& 02675_ Slammed into G-47 Trooper. 02675_ Destabilizing: System corrupted (+2). 02677_ Penetrated by Slug. 02681_ Slammed into G-47 Trooper. Map ----- +----------------------------------------------------+ | #####?##?#### ""T"" # """ """ """ #?# ?????????? | | #?########### """"" # """ """ """ ### ?????????? | | ############# # """ """ """ ##? ?????????? | | ??#######?##########"## ##? ?????????? | | ?########## # + / ####?????????? | | ##?######## """ # #######+##########?????????? | | #?##?###### R" # ##### ########?????????? | | ???######## """ # %= ! ####???#?????????? | | #?######### / % */ ######?#?????????? | | ?####?##### """ # !%= % ######?##????????? | | #?##?######! """ ###=#### #######??????????? | | #?#????#### """ ###%##### ########??????????? | | ???#??#?#?#! ###%##### ########??????????? | | ?#?##?################=##### ########??????????? | | ????#?####?###########+##### ######????????????? | | ???#?#??#??###########!*= ## ##?###????????????? | | ???#?#?########?######|%==## #####?#???????????? | | ??????#?######?#######*!==##? ########??????????? | | ???????############### *= ## #???##????????????? | | ?????##?#####?########= ## #?#?#?????????????? | | ??????#?######?######%! "## #?##?###??????????? | | ???????????? ###??#### T"##? ? ??????????????? | | ???????????# ??? ?# ""## ??? ???????????? | | ?????????###?? ?""? ##! ##? ?? ??????????????? | | ???????????#? ?"??####/### #???##????????????? | | ?????????##?? ??""??# @ #??##?????????????? | | ????????????? ? ? ??+ g #? ??????????????? | | ?????????????? ??"??# #?????????????????? | | ?????????????? ??""?### #### + ??????????????? | | ?????????????? ?? ?"#?# #?#? # ???????????? | | ?????????????????? ??# #?#?? #? ????????????? | | ??????????????????#???#+#??#?? #??? ???????????? | | ???????????????????????????? ??#????#????????????? | | ???????????????????????"?????????????????????????? | | ?????????????????????????????????????????????????? | | ?????????????????????????????????????????????????? | | ?????????????????????????????????????????????????? | | ?????????????????????????????????????????????????? | | ?????????????????????????????????????????????????? | | ?????????????????????????????????????????????????? | | ?????????????????????????????????????????????????? | | ?????????????????????????????????????????????????? | | ?????????????????????????????????????????????????? | | ?????????????????????????????????????????????????? | | ?????????????????????????????????????????????????? | | ?????????????????????????????????????????????????? | | ?????????????????????????????????????????????????? | | ?????????????????????????????????????????????????? | | ???????????????????????????!?????????????????????? | | ?????????????????????????????????????????????????? | +----------------------------------------------------+ Best States ------------- Heat Dissipation 31 Energy Generation 17 Energy Capacity 415 Matter Stores 400 Matter Capacity 400 Sight Range 16 Terrain Scan Range 16 Terrain Scan Density 110 Resistance: KI 35 Resistance: TH 35 Resistance: EX 35 Resistance: EM 35 Resistance: I 35 Resistance: S 35 Resistance: P 35 Power Shielding 33 Utility Shielding 33 Evasion (%) 50 Targeting Accuracy 5 Item Schematics ----------------- Aluminum Leg | -9/Materials | Scanalyzed Ion Engine | -9/Materials | Scanalyzed Mining Laser | -9/Materials | Scanalyzed Lgt. Nuclear Core | -9/Materials | Scanalyzed Particle Gun | -9/Materials | Scanalyzed Power Shielding | -9/Materials | Scanalyzed Robot Schematics ------------------ None Fabricated ------------ Nothing Alien Tech Used ----------------- None Achievements -------------- None Challenges ------------ None Game ------ Seed ArmageddonFissionNegator Manual? 0 Play Time 00:24:01 Cumulative 600.1 hours Start 2019.12.14 @ 07:28:24 End 2019.12.14 @ 07:51:43 Sessions 1 Manual Loads 0 Difficulty Explorer Special Mode None Game No. 551 Rogue 62 Adventurer 0 Explorer 489 Win Type - Total 0 Types 0/0/0/0/0/0/0 Lore% 70 Gallery% 77 Achievement% 53 Wizard Run 0 Options --------- ASCII 0 Keyboard 0 Movement Mouse Keybinds 0 Fullscreen 1 Font 24/Smallcaps Map View 76x50 Tactical HUD 1 Map Filters NONE Filters NONE Steam 1 RUN: 5efd5b25-5d40-4fa3-ba79-32144453fb6c